 Dungeon Crawl Stone Soup version 0.29.1-15-g9cfb28693d (webtiles) character file.

Game seed: 3196581750038190142

1184 dudediamond6 the Covert (level 8, -10/37 HPs)
             Began as a Spriggan Enchanter on Feb 27, 2023.
             Mangled by a troll (12 damage)
             ... on level 5 of the Dungeon.
             The game lasted 00:12:40 (5850 turns).

dudediamond6 the Covert (Spriggan Enchanter)        Turns: 5850, Time: 00:12:41

Health: -10/37     AC:  2    Str:  4    XL:     8   Next: 19%
Magic:  11/16      EV: 19    Int: 17    God:
Gold:   250        SH:  0    Dex: 17    Spells: 15/17 levels left

rFire   . . .      SeeInvis +   k - +0 rapier
rCold   . . .      Faith    .   (no shield)
rNeg    . . .      Spirit   .   b - +0 robe
rPois   .          Reflect  .   (helmet restricted)
rElec   .          Harm     .   (no cloak)
rCorr   .          Rampage  .   (gloves unavailable)
Will    +....                   (boots unavailable)
Stlth   ++++......              f - amulet of regeneration
HPRegen 0.92/turn               (no ring)
MPRegen 0.15/turn               (no ring)

@: very quick
A: very small, no large weapons, unfitting armour, see invisible, speed 3
a: no special abilities


You were on level 5 of the Dungeon.
You visited 1 branch of the dungeon, and saw 5 of its levels.
You also visited: Sewer.

You collected 250 gold pieces.

Inventory:

Hand Weapons
 a - a +1 dagger
 k - a +0 rapier (weapon)
Armour
 b - a +0 robe (worn)
Jewellery
 f - an amulet of regeneration (around neck)
 y - a +4 ring of evasion
 A - a +4 ring of protection
Wands
 v - a wand of flame (13)
Scrolls
 d - 2 scrolls of butterflies
 e - a scroll of enchant armour {unknown}
 j - 2 scrolls of vulnerability {unknown}
 l - a scroll of immolation {unknown}
 n - 3 scrolls of teleportation {unknown}
 o - a scroll of enchant weapon {unknown}
 p - 2 scrolls of blinking {unknown}
 q - a scroll of silence {unknown}
 r - a scroll of noise {unknown}
 s - a scroll of magic mapping {unknown}
 t - a scroll of summoning {unknown}
 u - a scroll of amnesia {unknown}
 x - a scroll of identify {unknown}
 z - a scroll of brand weapon {unknown}
Potions
 c - 2 potions of invisibility
 g - a potion of resistance
 h - a potion of curing {unknown}
 i - 2 potions of haste
 m - 2 potions of heal wounds
 w - a potion of berserk rage {unknown}


   Skills:
 + Level 1.5 Fighting
 + Level 5.1 Short Blades
 + Level 4.3 Dodging
 + Level 9.2 Stealth
 + Level 5.0 Spellcasting
 + Level 5.5 Hexes
 + Level 2.0 Ice Magic


You had 15 spell levels left.
You knew the following spells:

 Your Spells              Type           Power      Damage    Failure   Level
a - Ensorcelled Hibernat  Hex/Ice        34%        N/A       4%          2

Your spell library contained the following spells:

 Spells                   Type           Power      Damage    Failure   Level
 Confusing Touch          Hex            23%        N/A       4%          3
 Tukima's Dance           Hex            23%        N/A       4%          3
 Magic Dart               Conj           16%        1d3       14%         1
 Dazzling Flash           Conj/Hex       26%        N/A       14%         3
 Call Imp                 Summ           4%         N/A       22%         2
 Sublimation of Blood     Necr           4%         N/A       22%         2
 Mephitic Cloud           Conj/Pois/Air  4%         N/A       38%         3
 Spider Form              Tmut/Pois      4%         N/A       38%         3
 Anguish                  Hex/Necr       6%         N/A       41%         4
 Yara's Violent Unravell  Hex/Tmut       6%         3d5       77%         5
 Petrify                  Tmut/Erth      4%         N/A       80%         4
 Irradiate                Conj/Tmut      2%         3d12      98%         5
 Enfeeble                 Hex            11%        N/A       100%        7


Dungeon Overview and Level Annotations

Branches:
Dungeon (5/15)              Sewer (visited)
 Temple: D:4-7

Altars:


Innate Abilities, Weirdness & Mutations

You are very small and have problems with some larger weapons.
You are too small for most types of armour.
You have supernaturally acute eyesight. (SInv)
You cover ground extremely quickly. (Speed+++)


Message History

You puncture Menkaure!
You destroy Menkaure!
Your Short Blades skill increases to level 5!
Your Stealth skill increases to level 9!
No target in view!
HP restored.
Found a stone staircase leading down.
Found a stone staircase leading down.
A troll comes into view.
Found a stone staircase leading down.
You see here 2 smoky emerald potions.
A troll is nearby!
The troll shouts!
The troll resists with some effort.
The troll bites you! The troll closely misses you. x2
The troll resists with some effort.
The troll bites you. The troll closely misses you. The troll claws you.
The troll looks drowsy...
You can't see any susceptible monsters within range! (Use Z to cast anyway.)
The helpless troll fails to defend itself.
You impale the troll!!
The troll is severely wounded.
The troll bites you!
* * * LOW HITPOINT WARNING * * *
The troll closely misses you. The troll misses you.
You are too injured to fight recklessly!
Casting: Ensorcelled Hibernation (safe; 4% risk of failure)
Confirm with . or Enter, or press ? or * to list all spells.
Aiming: Ensorcelled Hibernation (safe; 4% risk of failure)
Press: ? - help, Shift-Dir - straight line, f/p - troll
Aim: a troll (severely wounded, not susceptible)
Okay, then.
You see here 2 smoky emerald potions.
You are too injured to fight recklessly!
You closely miss the troll.
The troll is severely wounded.
The troll bites you!
* * * LOW HITPOINT WARNING * * *
The troll claws you!
You die...

...............# ....
###...####.###.# .....
##..# ##)###.# .....
#..###...##.# ......
#......#....# #......
##.###...##.# ##.......
#....#.###.# #.# .>>
#.##.#[# #.###.#.....
#.##.#.# #..@T....>..#
#####.##.#.# #............
.M.........###########.#.#
#####......†...# #.#.#
#######.##.#######.#.#
#..............#
####.######...##
#.#####.#.#.########
#.##................


You could see a troll.

Vanquished Creatures
  Sigmund (D:2)
  Menkaure (D:5)
  An ice beast (D:5)
  An ogre (D:4)
  A kobold brigand (Sewer)
  A phantom (D:4)
  Blork the orc (D:4)
  A necrophage (D:4)
  A howler monkey (D:5)
  3 hounds
  A jelly (D:5)
  Terence (D:2)
  An iguana (D:4)
  9 adders
  4 gnolls
  2 river rats (Sewer)
  A white imp (D:4)
  4 worms
  2 dart slugs
  8 orcs
  4 bats (D:2)
  2 endoplasms
  3 giant cockroaches
  8 goblins
  7 hobgoblins
  5 quokkas
  14 ball pythons
  A frilled lizard (D:1)
  9 kobolds
  9 rats
107 creatures vanquished.

Notes
Turn   | Place    | Note
-------+----------+-------------------------------------------
     0 | D:1      | dudediamond6 the Spriggan Enchanter began the quest for the
                  | Orb.
     0 | D:1      | Reached XP level 1. HP: 9/9 MP: 5/5
   624 | D:1      | Reached XP level 2. HP: 9/13 MP: 6/6
   819 | D:1      | Reached skill level 5 in Stealth
  1617 | D:1      | Learned a level 2 spell: Ensorcelled Hibernation
  1853 | D:2      | Reached XP level 3. HP: 16/16 MP: 8/8
  1979 | D:2      | Noticed Terence
  2144 | D:1      | Reached XP level 4. HP: 21/21 MP: 6/9
  2263 | D:2      | Killed Terence
  2264 | D:2      | Reached skill level 6 in Stealth
  2432 | D:2      | Noticed Sigmund
  2439 | D:2      | Killed Sigmund
  2440 | D:2      | Reached skill level 1 in Ice Magic
  2440 | D:2      | Reached XP level 5. HP: 25/25 MP: 8/11
  2614 | D:2      | Reached XP level 6. HP: 29/29 MP: 12/12
  2819 | D:3      | Found a glowing drain.
  2864 | Sewer    | Entered a sewer
  3435 | Sewer    | Reached skill level 1 in Fighting
  3435 | Sewer    | Reached skill level 7 in Stealth
  4833 | D:4      | Reached skill level 5 in Hexes
  4833 | D:4      | Reached XP level 7. HP: 30/33 MP: 2/14
  5076 | D:4      | Reached skill level 8 in Stealth
  5095 | D:4      | Noticed Blork the orc
  5103 | D:4      | Killed Blork the orc
  5459 | D:5      | Entered Level 5 of the Dungeon
  5606 | D:5      | Reached XP level 8. HP: 37/37 MP: 16/16
  5630 | D:5      | Reached skill level 5 in Spellcasting
  5774 | D:5      | Noticed Menkaure
  5813 | D:5      | Killed Menkaure
  5814 | D:5      | Reached skill level 5 in Short Blades
  5814 | D:5      | Reached skill level 9 in Stealth
  5839 | D:5      | Noticed a troll
  5850 | D:5      | Mangled by a troll

Illustrated notes

Levels and vault maps discovered:
D:1:      minmay_arrival_stone_box, layout_loops_ring, minmay_indecisive_spiral
D:2:      minmay_alternating_diamond, layout_basic, uniq_sigmund, uniq_terence
D:3:      layout_basic, cheibrodos_sewer_entry_sluice
D:4:      layout_basic, kennysheep_potato, uniq_blork_the_orc
D:5:      layout_loops_ring, uniq_menkaure

Skill      XL: |  1  2  3  4  5  6  7  8 |
---------------+-------------------------+-----
Hexes          | 4 5 |  5.5
Stealth        | 5 6 7 8 9 |  9.2
Dodging        | 3 4 |  4.3
Spellcasting   | 3 4 5 |  5.0
Short Blades   | 2 3 4 5 |  5.1
Ice Magic      | 1 2 |  2.0
Fighting       | 1 |  1.5

Action                   |  1- 3 |  4- 6 |  7- 9 || total
-------------------------+-------+-------+-------++-------
Melee: Dagger            |    90 |    14 |       ||   104
       Punch             |     1 |     1 |     1 ||     3
       Rapier            |       |   148 |    75 ||   223
 Cast: Ensorcelled Hiber |    16 |    62 |    11 ||    89
  Use: Potion            |       |     7 |       ||     7
       Scroll            |       |     2 |       ||     2
 Stab: Sleeping          |    12 |    35 |    14 ||    61
       Distracted        |       |     1 |       ||     1
Armor: Robe              |     2 |    10 |     3 ||    15
Dodge: Dodged            |    56 |   184 |    43 ||   283
